AoeStats
← gdpadilla950

Lombardia

510152594Analyzed
2v2 RM · 4d ago on Sep 29, 2026· 46m 45s· 4 players
Game mode
Random Map
Map size
Medium (4 player)
Population
200
Speed
Normal
Resources
Standard
Victory
Conquest
Starting age
Dark Age
Ending age
Imperial Age
RankedLock teamsTeams togetherTeam positionsShared explorationLock speedFull tech treeHidden civsTurbo modeCheats
Victory
Defeat
🇺🇿 Bohemians · Uzbekistan
946
+16
🇦🇹 Bulgarians · Austria
939
+17
🇦🇷 Vikings · Argentina
959
-17
🇦🇷 Byzantines · Argentina
948
-16
prayforgood
12:33 Feudal Age
10:51 Loom
14:18 Double-Bit Axe
17:37 Scale Mail Armor
17:48 Forging
20:40 Wheelbarrow
20:59 Horse Collar
23:57 Gold Mining
24:01 Stone Mining
27:32 Castle Age
28:18 Husbandry
28:29 Bloodlines
29:56 Stone Shaft Mining
29:56 Gold Shaft Mining
29:35 Bow Saw
29:43 Hand Cart
29:16 Town Watch
29:58 Heavy Plow
31:03 Town Patrol
40:22 Imperial Age
39:40 Iron Casting
39:20 Chain Mail Armor
39:10 Scale Barding Armor
39:06 Padded Archer Armor
39:09 Murder Holes
40:28 Ballistics
40:23 Pikeman
41:04 Squires
42:18 Capped Ram
42:20 Heavy Scorpion
43:47 Conscription
43:23 Stirrups
44:45 Gambesons
46:41 Chain Barding Armor
47:21 Blast Furnace
46:51 Plate Mail Armor
46:45 Heated Shot
47:23 Bagains
gloow777
7:11 Loom
9:58 Feudal Age
11:15 Horse Collar
11:48 Scale Barding Armor
12:14 Double-Bit Axe
12:46 Forging
17:56 Fletching
20:58 Wheelbarrow
25:41 Castle Age
28:19 Hand Cart
28:12 Husbandry
32:28 Bow Saw
34:11 Fervor
37:18 Imperial Age
35:21 Bodkin Arrow
35:56 Ballistics
35:43 Murder Holes
37:18 Chemistry
39:31 Two-Man Saw
39:37 Block Printing
40:20 Bracer
40:34 Masonry
42:35 Cavalier
46:34 Chain Barding Armor
47:20 Iron Casting
joaquinc96
10:47 Feudal Age
11:09 Loom
11:15 Double-Bit Axe
17:15 Man-at-Arms
23:10 Wheelbarrow
28:37 Castle Age
29:39 Pikeman
33:28 Fletching
38:48 Imperial Age
39:22 Halberdier
43:20 Conscription
gdpadilla950
10:20 Feudal Age
15:42 Castle Age
18:21 Crossbowman
19:10 Double-Bit Axe
21:11 Fletching
21:56 Pikeman
28:30 Elite Skirmisher
29:24 Bow Saw
29:15 Gold Mining
29:17 Stone Mining
30:24 Ballistics
37:57 Imperial Age
37:50 Gold Shaft Mining
39:59 Siege Engineers
40:05 Bodkin Arrow
40:10 Padded Archer Armor
41:04 Forging
40:54 Bracer
43:30 Chemistry
43:35 Two-Man Saw
43:36 Onager
Connection lost

Rejoining the realm…

Still unreachable

The connection could not be restored.

Session expired

The server has moved on; the page needs a fresh start.